 Dungeon Crawl Stone Soup version 0.16.1-16-gc44b35d (webtiles) character file.

98 Siriah the Sneak (level 4, -4/37 HPs)
             Began as a Naga Enchanter on Apr 16, 2015.
             Killed from afar by Sigmund (5 damage)
             ... with a puff of flame
             ... on level 2 of the Dungeon.
             The game lasted 00:07:52 (2339 turns).

Siriah the Sneak (Naga Enchanter)                   Turns: 2339, Time: 00:07:53

Health: -4/37      AC:  3    Str: 15    XL:     4   Next: 69%
Magic:  1/8        EV: 10    Int: 16    God:
Gold:   62         SH:  0    Dex: 12    Spells: 3 memorised, 1 level left

rFire  . . .     SeeInvis +     a - +1 dagger
rCold  . . .     Clarity  .     b - +1 robe
rNeg   . . .     SustAb   .     (no shield)
rPois  +         Gourm    .     (no helmet)
rElec  .         Spirit   .     (no cloak)
rCorr  .         Warding  .     (no gloves)
rMut   .         Stasis   .     (no barding)
MR     .....                    (no amulet)
Stlth  +++.......               h - ring of flight
                                (no ring)

@: mighty, very slow, not resistant to hostile enchantments, fairly stealthy
A: spit poison, see invisible, deformed body, poison resistance, slowness 2, AC
+1
a: Spit Poison, Evoke Flight


You were on level 2 of the Dungeon.
You were hungry.

You visited 1 branch of the dungeon, and saw 2 of its levels.

You collected 62 gold pieces.

Inventory:

Hand weapons
 a - a +1 dagger (weapon)
Armour
 b - a +1 robe (worn)
Jewellery
 g - an uncursed ring of ice
 h - a ring of flight (right hand)
Scrolls
 e - 4 scrolls of identify {unknown}
 f - 2 scrolls of remove curse {unknown}
 l - 2 scrolls of amnesia {unknown}
 m - a scroll of enchant armour {unknown}
Potions
 i - 2 potions of might
Books
 c - a book of Maledictions

   Spells                             Type                      Level
   a - Corona                         Hexes                        1
   b - Sure Blade                     Hexes/Charms                 2
   c - Ensorcelled Hibernation        Hexes/Ice                    2
   d - Confuse                        Hexes                        3
   e - Dazzling Spray                 Conjuration/Hexes            3
   f - Enslavement                    Hexes                        4
Comestibles
 d - 2 bread rations


   Skills:
 + Level 0.6 Fighting
 + Level 1.5 Short Blades
 + Level 2.2 Dodging
 + Level 5.2 Stealth
 + Level 2.4 Spellcasting
 + Level 3.8 Hexes
 + Level 0.2 Ice Magic


You had one spell level left.
You knew the following spells:

 Your Spells              Type           Power        Failure   Level  Hunger
a - Corona                Hex            ##.....      6%          1    #......
b - Ensorcelled Hibernat  Hex/Ice        #.....       14%         2    ###....
c - Dazzling Spray        Conj/Hex       #.......     28%         3    ###....


Dungeon Overview and Level Annotations

Branches:
Dungeon (2/15)

Altars:

Annotations:
D:2 Sigmund


Innate Abilities, Weirdness & Mutations

You cannot wear boots.
You can spit poison.
Your serpentine skin is tough (AC +1).
You have supernaturally acute eyesight.
Armour fits poorly on your strangely shaped body.
Your system is resistant to poisons.
You cover ground very slowly.


Message History

Drink which item? (? for menu, Esc to quit)
Okay, then.
Casting: Ensorcelled Hibernation
Confirm with . or Enter, or press ? or * to list all spells.
Aiming: Ensorcelled Hibernation
Press: ? - help, Shift-Dir - straight line, f/p - Sigmund
Aim: Sigmund, wielding a scythe of protection, wearing a robe and carrying a wand of confusion {zapped: 16} (heavily wounded, slightly transparent, chance 49%) Sigmund resists with some effort.
Casting: Ensorcelled Hibernation
Confirm with . or Enter, or press ? or * to list all spells.
Aiming: Ensorcelled Hibernation
Press: ? - help, Shift-Dir - straight line, f/p - Sigmund
Aim: Sigmund, wielding a scythe of protection, wearing a robe and carrying a wand of confusion {zapped: 16} (heavily wounded, slightly transparent, chance 49%) Sigmund resists with some effort.
Sigmund hits you from afar with a scythe of protection!
* * * LOW HITPOINT WARNING * * *
Sigmund barely misses you.
Sigmund points at you and mumbles some strange words.
The puff of flame hits you!
You die...

...)................'.
.....#####.##.....###
#....# #.##.#.#.#
###.## #.##รท# #.# #.#
#.##.###.# #.#
#........# #.#
####.########### ###.#
#.###........ ....#
#...@.....# ## #####
#####.###.# ..# #.# ..
# #@#####.#.....
#.........#
###########


You could see Sigmund (invisible).

Vanquished Creatures
  An adder (D:2)
  A giant mite (D:2)
  3 worms
  An ooze (D:1)
  4 bats (D:1)
  2 giant cockroaches
  4 goblins
  9 hobgoblins (D:1)
  7 kobolds
  3 giant geckos (D:2)
  12 giant newts (D:1)
  10 jackals
  4 rats
61 creatures vanquished.

Notes
Turn   | Place    | Note
--------------------------------------------------------------
     0 | D:1      | Siriah, the Naga Enchanter, began the quest for the Orb.
     0 | D:1      | Reached XP level 1. HP: 15/15 MP: 3/3
   208 | D:1      | Reached XP level 2. HP: 8/22 MP: 0/4
   213 | D:1      | Learned a level 2 spell: Ensorcelled Hibernation
   793 | D:1      | Reached XP level 3. HP: 13/30 MP: 1/6
  1483 | D:1      | Learned a level 3 spell: Dazzling Spray
  1537 | D:2      | Reached XP level 4. HP: 37/37 MP: 8/8
  1960 | D:2      | Reached skill level 5 in Stealth
  2295 | D:2      | Noticed Sigmund
  2335 | D:2      | HP: 1/37 [Sigmund/scythe of protection (10)]
  2339 | D:2      | Killed from afar by Sigmund

Action                   |  1- 3 |  4- 6 || total
-------------------------+-------+-------++-------
Melee: Dagger            |   142 |    61 ||   203
 Cast: Corona            |    34 |     4 ||    38
       Ensorcelled Hiber |     5 |    12 ||    17
  Use: Potion            |     2 |     4 ||     6
 Stab: Sleeping          |     6 |    11 ||    17
       Distracted        |     2 |       ||     2
  Eat: Chunk             |     3 |     3 ||     6
